 Dungeon Crawl Stone Soup version 0.23-a0-837-ga3e6480 (webtiles) character file.

33604 varaam the Grappler (level 13, -16/192 HPs)
             Began as a Troll Fighter on Jan 24, 2019.
             Was the Champion of Okawaru.
             Demolished by a spiny frog (21 damage)
             ... on level 6 of the Lair of Beasts.
             The game lasted 01:08:55 (16314 turns).

varaam the Grappler (Troll Fighter)                Turns: 16314, Time: 01:08:56

Health: -16/192    AC: 10    Str: 32    XL:     13   Next: 37%
Magic:  18/18      EV: 12    Int: 13    God:    Okawaru [******]
Gold:   856        SH: 12    Dex: 10    Spells: 12/12 levels left

rFire    . . .     SeeInvis .     - Unarmed
rCold    + . .     Gourm    +   b - +0 shield
rNeg     . . .     Faith    .   S - +2 robe {MR+} {MR+}
rPois    .         Spirit   .   H - +1 hat "Iluemoats" {*Corrode *Slow rC+ Int+6}
rElec    .         Reflect  .   I - +0 cloak
rCorr    +         Harm     .   (gloves unavailable)
MR       +....                  (boots unavailable)
Stlth    ..........             M - amulet of rage
HPRegen  0.82/turn              C - ring of resist corrosion
MPRegen  0.16/turn              (no ring)

@: berserking, lethally poisoned (-16 -> -18), very quick
A: large, unfitting armour, claws 3, fast metabolism 3, gourmand, regeneration
1, shaggy fur 1, tough skin 3
a: Heroism, Finesse, Renounce Religion, Evoke Berserk Rage


You were on level 6 of the Lair of Beasts.
You worshipped Okawaru.
Okawaru was exalted by your worship.
You were very full.

You visited 3 branches of the dungeon, and saw 17 of its levels.

You collected 856 gold pieces.

Inventory:

Hand Weapons
 E - the +6 morningstar "Jippomp" {freeze, rN++ MR+ MP+9 Stlth+}
   (You found it on level 6 of the Dungeon)

   It has been specially enchanted to freeze those struck by it, causing extra
   injury to most foes and up to half again as much damage against particularly
   susceptible opponents.
   It can also slow down cold-blooded creatures.
   It greatly protects you from negative energy.
   It affects your resistance to hostile enchantments.
   It affects your magic capacity (+9).
   It makes you more stealthy.
Missiles
 a - 24 poisoned needles
 c - a throwing net {=f}
 o - 6 curare-tipped needles
 K - 8 large rocks {!d}
 P - 6 needles of confusion
 Q - 94 stones
 T - 14 tomahawks (quivered)
 W - 3 steel javelins
 Y - 7 needles of sleeping
Armour
 b - a +0 shield (worn)
 k - the +0 robe of the Invisible Emperors {rC++}
   (You took it off an orc wizard on level 5 of the Dungeon)

   It greatly protects you from cold.
 H - the +1 hat "Iluemoats" (worn) {*Corrode *Slow rC+ Int+6}
   (Okawaru gifted it to you on level 4 of the Lair of Beasts)

   It affects your intelligence (+6).
   It protects you from cold.
   It may corrode you when you take damage.
   It may slow you when you take damage.
 I - a +0 cloak (worn)
 S - a +2 robe of magic resistance (worn) {MR+}
 Z - +0 shadow dragon scales
Jewellery
 C - a ring of resist corrosion (left claw)
 M - an amulet of rage (around neck)
 N - the amulet of the Air {Inacc +Fly rElec EV+5 RMsl}
   (You found it on level 9 of the Dungeon)

   [amulet of inaccuracy]

   It reduces the accuracy of all your attacks.
   It affects your evasion (+5).
   It insulates you from electricity.
   It lets you fly.
   It protects you from missiles.
 X - an uncursed ring of magical power {MP+9}
Wands
 O - a wand of paralysis (8)
 R - a wand of acid (14)
 U - a wand of iceblast (4)
 V - a wand of flame (10)
Scrolls
 g - 6 scrolls of remove curse
 q - 3 scrolls of enchant armour
 r - a scroll of enchant weapon {unknown}
 s - a scroll of immolation {unknown}
 t - 10 scrolls of teleportation
 v - 2 scrolls of fear {unknown}
 x - 2 scrolls of fog {unknown}
 y - 2 scrolls of amnesia {unknown}
 A - 2 scrolls of random uselessness {unknown}
 B - 3 scrolls of blinking {!r}
 D - 3 scrolls of magic mapping {unknown}
 G - 3 scrolls of noise {unknown}
 L - a scroll of holy word {unknown}
Potions
 e - a potion of agility {unknown}
 f - a potion of berserk rage {unknown}
 h - a potion of cancellation
 j - 4 potions of ambrosia
 l - 2 potions of brilliance {unknown}
 m - 6 potions of curing
 n - a potion of magic {unknown}
 p - 3 potions of lignification {!q}
 u - a potion of haste {unknown}
 w - 2 potions of flight {unknown}
 z - a potion of might
 F - 2 potions of heal wounds
 J - 2 potions of resistance
Comestibles
 d - 34 rations
 i - 6 chunks of flesh


   Skills:
 + Level 8.7 Fighting
 + Level 8.1 Throwing
 + Level 3.3 Armour
 - Level 6.0 Dodging
 - Level 9.0 Shields
 + Level 10.3 Unarmed Combat
 - Level 8.0 Invocations
 - Level 4.0 Evocations


You had 12 spell levels left.
You didn't know any spells.
Your spell library contained the following spells:

 Spells                   Type           Power        Failure   Level  Hunger
 Freeze                   Ice            #...         30%         1    ##.....
 Sting                    Conj/Pois      #...         30%         1    ##.....
 Throw Frost              Conj/Ice       #.....       43%         2    ###....
 Dazzling Spray           Conj/Hex       #.....       67%         3    ####...
 Ozocubu's Armour         Chrm/Ice       #.......     67%         3    ####...
 Summon Ice Beast         Ice/Summ       #.......     97%         4    #####..
 Throw Icicle             Conj/Ice       #.......     97%         4    #####..
 Bolt of Draining         Conj/Necr      #.........   100%        5    ######.
 Bolt of Magma            Conj/Fire/Erth #.........   100%        5    ######.
 Iskenderun's Battlesphe  Conj/Chrm      #.......     100%        5    ######.
 Venom Bolt               Conj/Pois      #.........   100%        5    ######.
 Iron Shot                Conj/Erth      #.........   100%        6    #######
 Malign Gateway           Summ/Tloc      #.........   100%        7    #######
 Orb of Destruction       Conj           #.........   100%        7    #######
 Spellforged Servitor     Conj/Summ      #.........   100%        7    #######


Dungeon Overview and Level Annotations

Branches:
Dungeon (10/15)            Temple (1/1) D:6            Lair (6/6) D:10
 Shoals (0/4) Lair:2        Snake (0/4) Lair:2        Slime (0/5) Lair:6
    Orc (0/2) D:10

Altars:
Ashenzari
Cheibriados
Dithmenos
Elyvilon
Fedhas
Gozag
Hepliaklqana
Kikubaaqudgha
Makhleb
Nemelex Xobeh
Okawaru
Qazlal
Ru
Sif Muna
Trog
Uskayaw
Vehumet
Wu Jian
Xom
Yredelemnul
Zin
The Shining One
Jiyva

Shops:
D:7 [

Annotations:
D:7 2 transporters, Lanoc's ghost, novice TrMo


Innate Abilities, Weirdness & Mutations

You are too large for most types of armour.
You have claws for hands.
Your metabolism is lightning-fast.
You like to eat raw meat.
Your natural rate of healing is unusually fast.
You are covered in fur. (AC +1)
You have extremely tough skin. (AC +3)


Message History

You kill the blink frog!
The spiny frog stings you.
* * * LOW HITPOINT WARNING * * *
You block the komodo dragon's attack. The spiny frog stings you!
* * * LOW HITPOINT WARNING * * *
You take 18 damage, and have 14/192 hp.
You scratch the blink frog. The blink frog misses you.
You barely miss the blink frog. The spiny frog stings you!
* * * LOW HITPOINT WARNING * * *
You are poisoned.
The spiny frog poisons you!
You take 9 damage, and have 6/192 hp.
You are too berserk!
Unknown command.
You mangle the spiny frog!!
You feel sick. You block the spiny frog's attack.
You claw the spiny frog!
You feel sick.
You take 1 damage, and have 5/192 hp.
You closely miss the spiny frog.
You feel sick. You block the spiny frog's attack. The spiny frog stings you!!
You die...

.#.#..........#...# ##......#
#.###...†......#..#### #........
.........##.......##.# ##........
.......#..#..........###.........
.#..##.÷............##...........
..#.#.#<†...........###........##
...##................###.P....##
...###......(.FF#Fl..# ##.÷.###
...# #........F#@##..###...#.#
...# ##....###.####...#...####
...# ##.### ##.##P.#....P# ####
### ######P.#P## #...### #####


You could see a komodo dragon and 3 spiny frogs.

Vault maps used:
D:1:      lemuel_arrival_river_ford
D:2:      serial_bayou_pond_e, grunt_decor_mini_mirrors,
          nemelex_lonely_heart_becter, uniq_robin, uniq_sigmund
D:3:      grunt_temple_overflow_growth_and_decay, nemelex_altar_shiori,
          first_ration
D:4:      serial_bayou_pond_e, nrook_campfire, xom_redecorated
D:5:      corexii_shack_village
D:6:      minmay_spotlight, minmay_temple_entry_drinking_statues, sigmund_army,
          uniq_menkaure
D:7:      minmay_slanted_spiral_squares, makhleb_blood_cavern_becter,
          kennysheep_mini_moat, serial_rivers, chequers_serial_rivers_room_b,
          chequers_serial_rivers_room_a, chequers_serial_rivers_micro_c,
          chequers_serial_rivers_room_a, gammafunk_ghost_gnarly_gnolls,
          minmay_shop_chei
D:8:      ebering_ghost_rock_garden, hangedman_ranch, minmay_bent, uniq_erica
D:9:      eat_drink_and_be_merry_uskayaw
D:10:     erik_lair_island, erik_orc_4, uniq_psyche, uniq_josephine
Temple:   eino_temple_scatter_basement
Lair:2:   wad_woods_minihive, elwin_shoals_entry_stream
Lair:5:   uniq_snorg, uniq_nessos
Lair:6:   minmay_lair_end_frog_pond, slime_altar_1, serial_bayou_pond_c,
          minmay_lair_drake_nest

Notes
Turn   | Place    | Note
-------+----------+-------------------------------------------
     0 | D:1      | varaam the Troll Fighter began the quest for the Orb.
     0 | D:1      | Reached XP level 1. HP: 22/22 MP: 0/0
   156 | D:1      | Identified a +0 club
   166 | D:1      | Reached XP level 2. HP: 27/29 MP: 1/1
   176 | D:1      | Identified a +0 club
   210 | D:1      | Identified a +0 dagger
   409 | D:1      | Identified a +0 dagger
   472 | D:1      | Identified a +0 club
   537 | D:1      | Identified a +0 club
   569 | D:1      | Identified a +0 club
   752 | D:2      | Identified a +0 whip
   753 | D:2      | Identified a +0 club
   776 | D:2      | Identified a +0 club
   777 | D:2      | Identified a +0 hunting sling
   780 | D:2      | Reached skill level 3 in Shields
   780 | D:2      | Identified a +0 trident
   780 | D:2      | Identified a cursed +0 animal skin
   780 | D:2      | Identified a +0 helmet
   780 | D:2      | Noticed Robin
   781 | D:2      | Identified a +0 club
   792 | D:2      | Reached XP level 3. HP: 36/36 MP: 2/2
   796 | D:2      | Killed Robin
   796 | D:2      | Reached skill level 3 in Unarmed Combat
   797 | D:2      | Identified a +0 club
   869 | D:2      | Identified a +0 scythe
   869 | D:2      | Identified a +0 robe
   869 | D:2      | Noticed Sigmund
   883 | D:2      | Killed Sigmund
   883 | D:2      | Reached skill level 4 in Shields
   883 | D:2      | Reached skill level 4 in Unarmed Combat
   883 | D:2      | Reached XP level 4. HP: 22/44 MP: 3/3
   883 | D:2      | Reached XP level 5. HP: 25/50 MP: 4/4
   992 | D:2      | Identified a +0 club
  1199 | D:2      | Found a sparkling altar of Nemelex Xobeh.
  1234 | D:2      | Identified a +0 dagger
  1515 | D:3      | Identified a ring of flight (You found it on level 3 of the
                  | Dungeon)
  1553 | D:3      | Identified a +0 spear
  1554 | D:3      | Identified a +0 spear
  1555 | D:3      | Identified a +0 halberd
  1637 | D:3      | Found a blossoming altar of Fedhas.
  1638 | D:3      | Found an ancient bone altar of Kikubaaqudgha.
  1727 | D:3      | Found a sparkling altar of Nemelex Xobeh.
  2078 | D:3      | Reached XP level 6. HP: 50/59 MP: 5/5
  2126 | D:4      | Identified 6 scrolls of identify
  2126 | D:4      | Identified 2 scrolls of remove curse
  2127 | D:4      | Identified 2 potions of degeneration
  2128 | D:4      | Identified 2 potions of curing
  2129 | D:4      | Identified a potion of cancellation
  2130 | D:4      | Identified a scroll of enchant armour
  2138 | D:4      | Identified a +0 giant spiked club
  2146 | D:4      | Reached skill level 5 in Unarmed Combat
  2179 | D:4      | Identified a +0 mace
  2186 | D:4      | Identified a +0 club
  2186 | D:4      | Identified a +0 chain mail
  2192 | D:4      | Identified a +0 club
  2192 | D:4      | Identified a +0 leather armour
  2274 | D:4      | Identified a +0 club
  2274 | D:4      | Identified a +0 scale mail
  2289 | D:4      | Identified a +0 dagger
  2289 | D:4      | Identified a +0 robe
  2291 | D:4      | Identified a +0 flail
  2366 | D:4      | Identified a +0 flail
  2366 | D:4      | Identified a +0 chain mail
  2383 | D:4      | Identified a +0 giant club
  2391 | D:4      | Reached skill level 5 in Shields
  2391 | D:4      | Reached XP level 7. HP: 44/66 MP: 6/6
  2470 | D:4      | Identified a +0 mace
  2545 | D:4      | Found a shimmering altar of Xom.
  2546 | D:4      | Found a shimmering altar of Xom.
  2547 | D:4      | Found a shimmering altar of Xom.
  2608 | D:4      | Found a shimmering altar of Xom.
  2608 | D:4      | Found a shimmering altar of Xom.
  2811 | D:4      | Reached skill level 6 in Unarmed Combat
  2947 | D:5      | Entered Level 5 of the Dungeon
  3287 | D:5      | Identified a +0 whip
  3291 | D:5      | Identified a +0 club
  3292 | D:5      | Identified a +0 club
  3293 | D:5      | Identified a +0 trident
  3294 | D:5      | Identified a +0 club
  3299 | D:5      | Identified a +0 club
  3299 | D:5      | Identified a +0 leather armour
  3362 | D:5      | Identified a +0 ring mail
  3481 | D:5      | Identified a +0 dagger
  3481 | D:5      | Identified a +0 robe
  3485 | D:5      | Identified a +0 dagger
  3485 | D:5      | Identified the cursed +0 robe of the Invisible Emperors
                  | {rC++}
  3500 | D:5      | Identified a +0 leather armour
  3510 | D:5      | Reached skill level 6 in Shields
  3542 | D:5      | Identified a +0 flail
  3542 | D:5      | Identified a +0 robe
  3569 | D:5      | Identified a +0 giant club
  3573 | D:5      | Reached XP level 8. HP: 74/74 MP: 7/7
  3578 | D:5      | Reached skill level 7 in Unarmed Combat
  3750 | D:5      | Identified a +0 giant spiked club
  3752 | D:5      | Identified a +0 spear
  3753 | D:5      | Identified a +0 halberd
  3773 | D:5      | Identified a +0 club
  3793 | D:5      | Identified a +0 spear
  3796 | D:5      | Identified a +0 flail
  3797 | D:5      | Identified a +0 spear
  4057 | D:6      | Identified a +0 scythe
  4057 | D:6      | Identified a +0 robe
  4057 | D:6      | Identified a +0 scythe
  4057 | D:6      | Identified a +0 robe
  4057 | D:6      | Identified a cursed -2 scythe
  4057 | D:6      | Identified a +0 robe
  4057 | D:6      | Identified a +0 scythe
  4057 | D:6      | Identified a +0 robe
  4057 | D:6      | Identified a +0 scythe
  4057 | D:6      | Identified a +0 robe
  4059 | D:6      | Identified a +0 scythe
  4059 | D:6      | Identified a +0 robe
  4167 | D:6      | Got a smoking morningstar
  4168 | D:6      | Identified the +6 morningstar "Jippomp" {freeze, rN++ MR+
                  | MP+9 Stlth+} (You found it on level 6 of the Dungeon)
  4370 | D:6      | Found a staircase to the Ecumenical Temple.
  4379 | Temple   | Entered the Ecumenical Temple
  4528 | Temple   | Became a worshipper of Warmaster Okawaru
  4553 | D:6      | Identified a +0 flail
  4553 | D:6      | Identified a +0 scale mail
  4591 | D:6      | Reached skill level 7 in Shields
  4591 | D:6      | Reached skill level 8 in Unarmed Combat
  4609 | D:6      | Noticed Menkaure
  4620 | D:6      | Killed Menkaure
  4976 | D:7      | Identified a +0 trident of venom
  4976 | D:7      | Identified a +0 scale mail
  4977 | D:7      | Identified a +0 dagger
  4977 | D:7      | Identified a +0 robe
  4978 | D:7      | Identified a +0 hand axe
  4978 | D:7      | Identified a +0 flail
  4979 | D:7      | Identified a +0 trident
  4986 | D:7      | Reached * piety under Okawaru
  4986 | D:7      | Reached XP level 9. HP: 65/80 MP: 8/8
  5033 | D:7      | Found Cheibriados's Comfort Zone.
  5033 | D:7      | Found a snail-covered altar of Cheibriados.
  5033 | D:7      | Identified a +0 dagger
  5033 | D:7      | Identified a +0 dagger
  5033 | D:7      | Identified a +0 short sword
  5033 | D:7      | Identified a +0 short sword
  5033 | D:7      | Identified a +0 short sword
  5106 | D:7      | Identified a +0 halberd
  5110 | D:7      | Identified a +0 spear
  5110 | D:7      | Identified a +0 ring mail
  5110 | D:7      | Identified a +0 shield
  5113 | D:7      | Identified a +0 spear
  5175 | D:7      | Found a snail-covered altar of Cheibriados.
  5226 | D:7      | Found a burning altar of Makhleb.
  5256 | D:7      | Identified a +0 giant club
  5267 | D:7      | Reached skill level 3 in Fighting
  5434 | D:7      | Reached skill level 8 in Shields
  5472 | D:7      | Identified a +0 giant club
  5473 | D:7      | Identified a +4 battleaxe
  5473 | D:7      | Identified a +0 robe
  5476 | D:7      | Identified a +0 flail
  5476 | D:7      | Identified a +0 robe
  5683 | D:7      | Found a transporter.
  5684 | D:7      | Identified a +0 whip
  5685 | D:7      | Identified a +2 halberd of electrocution
  5695 | D:7      | Identified a +0 club
  5695 | D:7      | Identified a +0 leather armour
  5727 | D:7      | Identified a +2 blowgun
  5727 | D:7      | Identified the ring "Xycara Ucurr" {AC+1 Str+4}
  5731 | D:7      | Found a transporter.
  5735 | D:7      | Identified a +0 spear of electrocution
  5753 | D:7      | Noticed Lanoc's ghost (novice TrMo)
  5921 | D:8      | Identified a +0 short sword
  5921 | D:8      | Identified a +0 ring mail
  5922 | D:8      | Identified a +0 leather armour
  5925 | D:8      | Identified a cursed -1 flail
  5965 | D:8      | Identified a +0 club
  5966 | D:8      | Identified a +0 short sword
  5966 | D:8      | Identified a +0 dagger
  5967 | D:8      | Identified a +3 whip
  6041 | D:8      | Found a runed gate.
  6044 | D:8      | Found a runed gate.
  6045 | D:8      | Found a runed gate.
  6050 | D:8      | Noticed Lanoc's ghost (novice DsBe)
  6064 | D:8      | Identified a +0 short sword
  6064 | D:8      | Identified a +0 ring mail
  6064 | D:8      | Identified a cursed -3 club
  6064 | D:8      | Identified a +0 club
  6066 | D:8      | Identified a +0 scimitar
  6066 | D:8      | Identified a +0 plate armour
  6083 | D:8      | Identified a +0 mace
  6084 | D:8      | Identified a +0 club
  6084 | D:8      | Identified a +0 leather armour
  6100 | D:8      | Identified a +0 war axe
  6100 | D:8      | Identified a +0 leather armour
  6103 | D:8      | Identified a +0 chain mail
  6117 | D:8      | Reached skill level 4 in Fighting
  6154 | D:8      | Reached ** piety under Okawaru
  6291 | D:8      | Reached skill level 9 in Shields
  6302 | D:8      | Identified a +0 hand axe
  6302 | D:8      | Identified a +0 leather armour
  6434 | D:8      | Identified a +0 whip
  6452 | D:8      | Identified a +0 club
  6452 | D:8      | Identified a +0 halberd
  6539 | D:8      | Reached skill level 1 in Invocations
  6604 | D:8      | Identified a +4 scimitar of flaming
  6604 | D:8      | Identified a +0 robe
  6604 | D:8      | Noticed Erica
  6659 | D:8      | Killed Erica
  6659 | D:8      | Reached *** piety under Okawaru
  6659 | D:8      | Reached skill level 2 in Throwing
  6659 | D:8      | Reached skill level 2 in Invocations
  6659 | D:8      | Reached XP level 10. HP: 48/94 MP: 6/10
  6820 | D:8      | Identified an amulet of inaccuracy (You found it on level 8
                  | of the Dungeon)
  6860 | D:8      | Identified a +2 halberd of freezing
  6886 | D:8      | Reached skill level 5 in Fighting
  6919 | D:8      | Noticed a three-headed hydra
  7021 | D:7      | Identified a +2 long sword
  7021 | D:7      | Identified a +0 robe
  7024 | D:7      | Reached skill level 3 in Invocations
  7030 | D:7      | Identified a +0 dagger
  7030 | D:7      | Identified a +0 robe
  7030 | D:7      | Identified a +0 club
  7030 | D:7      | Identified a +0 chain mail
  7036 | D:7      | Identified a +0 dagger
  7036 | D:7      | Identified a +0 robe
  7036 | D:7      | Identified a +0 flail
  7036 | D:7      | Identified a +0 dagger
  7036 | D:7      | Identified a +0 robe
  7037 | D:7      | Noticed a manticore
  7046 | D:7      | Identified 3 potions of lignification
  7053 | D:7      | Reached skill level 3 in Throwing
  7060 | D:7      | Killed a manticore
  7123 | D:7      | Identified a +0 cloak (You found it on level 7 of the
                  | Dungeon)
  7213 | D:7      | Reached **** piety under Okawaru
  7347 | D:9      | Identified a +0 shortbow
  7355 | D:9      | Identified 4 scrolls of teleportation
  7356 | D:9      | Identified 2 potions of heal wounds
  7357 | D:9      | Identified 3 scrolls of blinking
  7401 | D:9      | Reached skill level 4 in Throwing
  7401 | D:9      | Reached skill level 4 in Invocations
  7453 | D:8      | Identified a cursed +0 short sword
  7463 | D:8      | Killed Lanoc's ghost
  7463 | D:8      | Reached skill level 6 in Fighting
  7472 | D:8      | Identified the Collected Works on Translocation and
                  | Conjuration
  7619 | D:9      | Identified a +0 dagger
  7619 | D:9      | Identified a +0 robe
  7622 | D:9      | Identified a +0 club
  7625 | D:9      | Identified a +0 dagger
  7625 | D:9      | Identified a +0 robe
  7734 | D:9      | Found the amulet of the Air {Inacc +Fly rElec EV+5 RMsl}
  7780 | D:9      | Identified a +0 mace
  7780 | D:9      | Identified a +0 club
  7780 | D:9      | Identified a +0 chain mail
  7780 | D:9      | Identified a cursed +0 dagger
  7780 | D:9      | Identified a +0 robe
  7786 | D:9      | Identified a +0 mace
  7786 | D:9      | Identified a +0 chain mail
  7833 | D:9      | Identified a +0 hand axe
  7834 | D:9      | Identified a +0 mace
  7834 | D:9      | Identified a +0 chain mail
  7986 | D:9      | Found a hide-covered altar of Uskayaw.
  8055 | D:9      | Identified a +0 falchion
  8056 | D:9      | Identified a cursed -2 short sword
  8056 | D:9      | Identified a +0 ring mail
  8057 | D:9      | Identified a +0 chain mail
  8058 | D:9      | Identified a +0 dagger
  8058 | D:9      | Identified a +0 robe
  8064 | D:9      | Received a gift from Okawaru
  8174 | D:9      | Identified a +0 whip
  8174 | D:9      | Identified a +0 scale mail
  8178 | D:9      | Identified a +0 falchion
  8178 | D:9      | Identified a +0 robe
  8187 | D:9      | Identified a +0 war axe
  8187 | D:9      | Identified a +0 ring mail
  8193 | D:9      | Identified a +0 hand axe
  8193 | D:9      | Identified a +0 leather armour
  8428 | D:10     | Entered Level 10 of the Dungeon
  8452 | D:10     | Reached skill level 5 in Throwing
  8452 | D:10     | Reached skill level 5 in Invocations
  8506 | D:10     | Identified an amulet of rage (You found it on level 8 of
                  | the Dungeon)
  8633 | D:10     | Reached XP level 11. HP: 101/107 MP: 13/13
  8646 | D:10     | Found a staircase to the Lair.
  8721 | D:10     | Identified a +0 dagger of freezing
  8721 | D:10     | Identified a +0 robe
  8738 | D:10     | Identified a +2 chain mail of cold resistance
  8748 | D:10     | Identified the +5 dagger of Instinct {freeze, +Rage +Fly
                  | rC+}
  8748 | D:10     | Identified a +0 chain mail
  8750 | D:10     | Identified a +0 hand axe
  8751 | D:10     | Identified a +0 whip
  8751 | D:10     | Identified a +0 dagger
  8751 | D:10     | Identified a +0 ring mail
  8751 | D:10     | Identified a +0 trident
  8751 | D:10     | Identified a +0 scale mail
  8752 | D:10     | Identified a +0 dagger
  8752 | D:10     | Identified a +0 robe
  8767 | D:10     | Identified a +0 mace
  8796 | D:10     | Identified a +0 mace
  8796 | D:10     | Identified a +0 ring mail
  8847 | D:10     | Identified a cursed +0 hand axe
  8847 | D:10     | Identified a +0 scale mail
  8870 | D:10     | Found a staircase to the Orcish Mines.
  8880 | D:10     | Identified a +0 club
  8908 | D:10     | Identified a +0 flail
  8908 | D:10     | Identified a +0 scale mail
  8908 | D:10     | Identified a +0 whip
  8908 | D:10     | Identified a +0 leather armour
  8911 | D:10     | Identified a +0 club
  8957 | D:10     | Identified a +0 giant club
  9022 | D:10     | Identified a +0 dagger
  9022 | D:10     | Identified a +0 robe
  9037 | D:10     | Identified a +0 dagger
  9037 | D:10     | Identified a +2 robe of magic resistance
  9037 | D:10     | Noticed Josephine
  9061 | D:10     | Killed Josephine
  9061 | D:10     | Reached ***** piety under Okawaru
  9061 | D:10     | Reached skill level 3 in Dodging
  9306 | D:10     | Identified a +4 dagger of chaos
  9306 | D:10     | Identified a +0 robe
  9306 | D:10     | Noticed Psyche
  9312 | D:10     | Killed Psyche
  9312 | D:10     | Reached skill level 7 in Fighting
  9647 | Lair:1   | Entered Level 1 of the Lair of Beasts
  9772 | Lair:1   | Reached skill level 6 in Throwing
  9772 | Lair:1   | Reached skill level 6 in Invocations
 10305 | Lair:1   | Received a gift from Okawaru
 10305 | Lair:1   | Reached skill level 1 in Evocations
 10391 | Lair:2   | Found a staircase to the Snake Pit.
 10458 | Lair:1   | HP: 27/109 [poisoned by a killer bee]
 10463 | Lair:1   | HP: 27/109 [poisoned by a killer bee]
 10675 | Lair:1   | Reached skill level 4 in Dodging
 10795 | Lair:1   | HP: 24/109 [killer bee (8)]
 10800 | Lair:1   | HP: 20/109 [poisoned by a killer bee]
 10803 | Lair:1   | HP: 9/109 [poisoned by a killer bee]
 10808 | Lair:1   | HP: 8/109 [poisoned by a killer bee]
 10813 | Lair:1   | HP: 7/109 [poisoned by a killer bee]
 10819 | Lair:1   | HP: 8/109 [poisoned by a killer bee]
 10825 | Lair:1   | HP: 10/109 [poisoned by a killer bee]
 10833 | Lair:1   | HP: 14/109 [poisoned by a killer bee]
 11081 | Lair:1   | Received a gift from Okawaru
 11095 | Lair:1   | HP: 24/109 [yak (6)]
 11316 | Lair:1   | Reached skill level 9 in Unarmed Combat
 11410 | Lair:1   | Received a gift from Okawaru
 11488 | Lair:2   | Identified a +0 trident
 11628 | Lair:1   | Reached skill level 2 in Evocations
 11694 | Lair:2   | Reached XP level 12. HP: 109/118 MP: 15/15
 11779 | Lair:2   | Identified a +0 trident
 12017 | Lair:2   | You fall through a shaft!
 12030 | Lair:3   | Reached ****** piety under Okawaru
 12066 | Lair:3   | Identified a ring of magical power (You found it on level 3
                  | of the Lair of Beasts)
 12077 | Lair:3   | Received a gift from Okawaru
 12093 | Lair:3   | Identified +0 shadow dragon scales (Okawaru gifted it to
                  | you on level 3 of the Lair of Beasts)
 12180 | Lair:3   | Reached skill level 7 in Throwing
 12392 | Lair:2   | Reached skill level 7 in Invocations
 12694 | Lair:2   | Reached skill level 3 in Evocations
 12730 | Lair:2   | Identified a +2 antimagic trident
 12745 | Lair:2   | Reached skill level 8 in Fighting
 12745 | Lair:2   | Reached skill level 5 in Dodging
 12874 | Lair:2   | Found a staircase to the Shoals.
 12919 | Lair:2   | Identified a +0 rapier
 12919 | Lair:2   | Identified a +0 robe
 12919 | Lair:2   | Identified a +0 dagger
 12919 | Lair:2   | Identified a +0 robe
 12919 | Lair:2   | Identified a +0 rapier of holy wrath
 12919 | Lair:2   | Identified a cursed +0 robe
 12932 | Lair:2   | Identified a +0 dagger
 12932 | Lair:2   | Identified a +0 robe
 12932 | Lair:2   | Identified a cursed +0 buckler
 12933 | Lair:2   | Identified a +4 rapier
 12933 | Lair:2   | Identified a +0 robe
 12933 | Lair:2   | Identified a +0 buckler
 12987 | Lair:2   | Identified a +0 short sword
 12987 | Lair:2   | Identified a +0 robe
 12987 | Lair:2   | Identified a +0 short sword
 12987 | Lair:2   | Identified a +0 robe
 12987 | Lair:2   | Identified a +0 rapier
 12987 | Lair:2   | Identified a +0 robe
 12987 | Lair:2   | Identified a +0 short sword
 12987 | Lair:2   | Identified a cursed +0 robe
 13054 | Lair:2   | Identified a +0 spear
 13647 | Lair:4   | Reached skill level 1 in Armour
 13913 | Lair:4   | Received a gift from Okawaru
 13913 | Lair:4   | Reached skill level 2 in Armour
 13916 | Lair:4   | Got a smoking hat {god gift}
 13934 | Lair:4   | Identified the +1 hat "Iluemoats" {*Corrode *Slow rC+
                  | Int+6} (Okawaru gifted it to you on level 4 of the Lair of
                  | Beasts)
 14001 | Lair:4   | Identified a ring of resist corrosion (You found it on
                  | level 3 of the Lair of Beasts)
 14417 | Lair:4   | Identified a ring of teleportation (You found it on level 4
                  | of the Lair of Beasts)
 14720 | Lair:5   | Noticed Snorg
 14741 | Lair:5   | Identified a +2 longbow of flaming
 14741 | Lair:5   | Identified a +0 centaur barding
 14741 | Lair:5   | Noticed Nessos
 14741 | Lair:5   | Noticed a catoblepas
 14758 | Lair:5   | Killed a catoblepas
 14762 | Lair:5   | Killed Nessos
 14762 | Lair:5   | Reached XP level 13. HP: 68/128 MP: 12/17
 14984 | Lair:5   | Reached skill level 10 in Unarmed Combat
 15237 | Lair:5   | Identified an amulet of harm (You found it on level 4 of
                  | the Lair of Beasts)
 15242 | Lair:5   | Identified 4 potions of ambrosia
 15450 | Lair:5   | Killed Snorg
 15517 | Lair:5   | Reached skill level 4 in Evocations
 15541 | Lair:6   | Entered Level 6 of the Lair of Beasts
 15590 | Lair:6   | Found a staircase to the Slime Pits.
 15590 | Lair:6   | Found a viscous altar of Jiyva.
 16002 | Lair:6   | Reached skill level 8 in Invocations
 16021 | Lair:6   | Reached skill level 8 in Throwing
 16021 | Lair:6   | Reached skill level 3 in Armour
 16096 | Lair:6   | Reached skill level 6 in Dodging
 16305 | Lair:6   | HP: 32/128 [blink frog (1)]
 16308 | Lair:6   | HP: 14/192 [spiny frog (17)]
 16311 | Lair:6   | HP: 6/192 [spiny frog (9)]
 16314 | Lair:6   | Demolished by a spiny frog

Table legend:
 A = Turns spent in this place as a percentage of turns spent in the entire game.
 B = Non-inter-level travel turns spent in this place as a percentage of non-inter-level travel turns spent in the entire game.
 C = Inter-level travel turns spent in this place as a percentage of turns spent in this place.
 D = Turns resting spent in this place as a percentage of non-inter-level travel turns spent in this place.
 E = Turns spent auto-exploring this place as a percentage of non-inter-level travel turns spent in this place.
 F = Non-inter-level travel turns spent in this place divided by the number of levels of this place that you've seen.
                   A       B       C       D       E      F
               +-------+-------+-------+-------+-------+----------------------
         Total | 100.0 | 100.0 |   4.2 |   5.9 |  61.1 | 919.2
       Dungeon |  58.1 |  58.9 |   2.9 |   2.0 |  67.3 | 920.1
        Temple |   1.0 |   1.1 |   0.0 |   0.0 |  84.8 | 171.0
          Lair |  40.9 |  40.0 |   6.2 |  11.7 |  51.3 | 1042.3
               +-------+-------+-------+-------+-------+----------------------

Table legend:
 A = Kills in this place as a percentage of kills in entire the game.
 B = Kills by you in this place as a percentage of kills by you in the entire game.
 C = Kills by friends in this place as a percentage of kills by friends in the entire game.
 D = Other kills in this place as a percentage of other kills in the entire game.
 E = Experience gained in this place as a percentage of experience gained in the entire game.
 F = Experience gained in this place divided by the number of levels of this place that you have seen.
                   A       B       C       D       E      F
               +-------+-------+-------+-------+-------+----------------------
         Total | 100.0 | 100.0 |   N/A |   N/A | 100.0 | 2823.9
       Dungeon |  65.9 |  65.9 |   N/A |   N/A |  30.4 | 1460.2
          Lair |  34.1 |  34.1 |   N/A |   N/A |  69.6 | 5567.3
               +-------+-------+-------+-------+-------+----------------------

Skill      XL: |  1  2  3  4  5  6  7  8  9 10 11 12 13 |
---------------+----------------------------------------+-----
Shields        | 3 4 5 6 7 9 |  9.0
Unarmed Combat | 4 5 6 8 9 10 | 10.3
Fighting       | 4 6 7 8 |  8.7
Invocations    | 2 5 6 7 8 |  8.0
Throwing       | 2 5 6 7 8 |  8.1
Dodging        | 4 5 6 |  6.0
Evocations     | 2 3 4 |  4.0
Armour         | 2 3 |  3.3

Action                   |  1- 3 |  4- 6 |  7- 9 | 10-12 | 13-15 || total
-------------------------+-------+-------+-------+-------+-------++-------
Melee: Unarmed           |    96 |    96 |   459 |   954 |   175 ||  1780
       Morningstar       |       |       |    18 |       |       ||    18
Throw: Stone             |       |     8 |     3 |       |       ||    11
       Tomahawk          |       |       |     4 |    64 |       ||    68
       Large rock        |       |       |       |     4 |       ||     4
Invok: Heroism           |       |       |     2 |    10 |       ||    12
       Finesse           |       |       |       |     2 |       ||     2
 Abil: Evoke Berserk Rag |       |       |       |     5 |     1 ||     6
       Evoke Flight      |       |       |       |     1 |       ||     1
Evoke: Wand              |       |       |       |     2 |     2 ||     4
  Use: Potion            |     1 |       |       |     1 |       ||     2
       Scroll            |       |     5 |       |     9 |     2 ||    16
 Stab: Sleeping          |     1 |     1 |       |     3 |       ||     5
       Paralysed         |       |       |       |     4 |     5 ||     9
  Eat: Chunk             |    14 |    14 |    47 |    75 |    19 ||   169
Armor: Robe              |    16 |     9 |   101 |   128 |    29 ||   283
       Skin              |       |       |       |     3 |       ||     3
       Shadow dragon sca |       |       |       |    64 |     7 ||    71
Dodge: Dodged            |    18 |    18 |   112 |   318 |    63 ||   529
       Deflected         |       |       |       |     1 |       ||     1
Block: Shield            |    34 |    28 |   212 |   553 |    83 ||   910

Vanquished Creatures
  Nessos (Lair:5)
  Snorg (Lair:5)
  Josephine (D:10)
  Erica (D:8)
  A catoblepas (Lair:5)
  A lindwurm (Lair:3)
  A manticore (D:7)
  2 merfolk sirens (Lair:2)
  8 elephants
  2 black mambas (Lair:2)
  Psyche (D:10)
  The ghost of Lanoc the Skirmisher, a novice DsBe of Qazlal (D:8)
  8 spiny frogs
  A rime drake (Lair:1)
  5 komodo dragons
  2 merfolk (Lair:2)
  A polar bear (Lair:4)
  2 trolls
  12 blink frogs
  2 dream sheep (D:8)
  A hippogriff (D:8)
  Sigmund (D:2)
  4 basilisks
  33 yaks
  3 wraiths (D:10)
  A hungry ghost (D:8)
  Menkaure (D:6)
  4 vampire mosquitoes
  2 wargs (D:10)
  9 water moccasins
  3 orc warriors
  5 porcupines
  A sky beast (D:6)
  3 phantoms
  An ice beast (D:9)
  A black bear (D:6)
  2 necrophages
  2 wolves (D:10)
  An eye of draining (D:7)
  7 ogres
  A centaur (D:9)
  4 crocodiles
  4 big kobolds
  A wyvern zombie (D:7)
  16 bullfrogs
  A wyvern skeleton (D:10)
  6 scorpions
  57 killer bees
  3 wights (D:7)
  2 howler monkeys
  2 electric eels (D:10)
  6 crimson imps
  A quasit (D:9)
  10 hounds
  5 jellies
  6 orc priests
  2 iguanas
  15 orc wizards
  9 worker ants
  A killer bee zombie (D:7)
  2 hound zombies
  A hound skeleton (D:7)
  Robin (D:2)
  11 gnolls
  3 worker ant zombies
  7 adders
  2 shadow imps
  2 oozes
  An adder zombie (D:8)
  4 adder skeletons
  6 worms
  A dart slug (D:3)
  8 leopard geckos
  53 orcs
  3 giant cockroaches
  13 goblins
  16 hobgoblins
  A quokka (D:8)
  3 ball pythons
  7 bats
  3 frilled lizards
  A jackal skeleton (D:7)
  18 kobolds
  A leopard gecko zombie (D:7)
  A quokka skeleton (D:5)
  A quokka zombie (D:5)
  8 rats
  A plant (Lair:1)
470 creatures vanquished.

Vanquished Creatures (others)
  7 bushes (Lair:6)
  11 fungi
  29 plants
  A withered plant (D:3)
48 creatures vanquished.

Grand Total: 518 creatures vanquished
